 BcadrenCrawl: Boulder Brew version 0.04.2-17-g662d9223eb (webtiles) character file.

Game seed: 6519478080611323083, levelgen mode: deterministic

3050 diana the Nimble (level 10, -2/64 HPs) Kobold Gladiator. Began on May 16, 2021. Was a Follower of Okawaru. Slain by an iguana (14 damage) ... on level 5 of the Dungeon. The game lasted 00:08:41 (4966 turns).

diana the Nimble (Kobold Gladiator)                 Turns: 4966, Time: 00:08:43

Health: -2/64      AC:  3    Str: 11    XL:     10 ^: 3401
Magic:  11/11      EV: 22    Int: 10    God:    Okawaru [1* [46]]
Gold:   184        SH:  0    Dex: 20    Spells: 9/9 levels left

rFire    . . .     Vision   .   h - +2 dagger (molten) (curse) {(Curse: rC-)}
rCold    x . .     Gourm    .   (weapon restricted)
rNeg     . . .     Faith    .   b - +0 leather armour
rPois    .         Spirit   .   c - +0 helmet
rElec    .         Reflect  .   (no cloak)
rCorr    .         Harm     .   y - -3 pair of gloves
MR       .....                  (no boots)
Stlth    ++........             (no amulet)
HPRegen  0.31/turn              w - ring of slaying
MPRegen  0.21/turn              (no ring)

@: about to teleport, afraid
A: small, carnivore
a: Heroism, Renounce Religion


You were on level 5 of the Dungeon.
You worshipped Okawaru.
Okawaru was aware of your devotion.
You were not hungry.

You visited 2 branches of the dungeon, and saw 6 of its levels.

You collected 184 gold pieces.

Inventory:

Weapons
 a - a +0 rapier
 h - a cursed +2 dagger of molten steel (weapon) {(Curse: rC-)}
Armour
 b - a +0 leather armour (worn)
 c - a +0 helmet (worn)
 y - a -3 pair of gloves (worn)
Jewellery
 w - a ring of slaying (left hand)
Wands
 d - a wand of ensnaring (9)
 l - a wand of random effects (21)
 q - a wand of polymorph (3)
 u - a wand of disintegration (13)
 v - a wand of healing (2)
Scrolls
 i - 2 scrolls of bless item
 j - a scroll of acquirement
 n - 3 scrolls of fog
 o - a scroll of amnesia
 p - a scroll of teleportation
 t - a scroll of enchantment
 x - a scroll of blinking
Potions
 e - 5 potions of curing
 g - 3 potions of brilliance
 k - 2 potions of magic
 m - 4 potions of heal wounds
 r - 2 potions of invisibility
 s - a potion of agility
Comestibles
 f - 17 rations


   Skills:
 + Level 7.6 Fighting
 + Level 8.8 Short Blades
 + Level 5.4 Armour
 + Level 8.9 Dodging
 - Level 2.1 Evocations


You had 9 spell levels left.
You didn't know any spells.
Your spell library contained the following spells:

 Spells                   Type           Power        Failure   Level  Hunger
 Foxfire                  Fire           0 (25)       38%         1    ##.....
 Searing Ray              Fire           0 (50)       54%         2    ###....
 Conjure Flame            Fire           0 (100)      77%         3    ####...
 Inner Flame              Hex/Fire       0 (100)      77%         3    ####...
 Sticky Flame             Fire/Pois      0 (100)      99%         4    #####..
 Fireball                 Fire           0 (200)      100%        5    ######.


Dungeon Overview and Level Annotations

Branches:
Dungeon (5/8)              Temple (1/1) D:4            Lair (0/6) D:5

Altars:
Cheibriados
Dithmenos
Elyvilon
Gozag Ym Sagoz
Makhleb
Nemelex Xobeh
Okawaru
Ru
Trog
Uskayaw
Vehumet
Wu Jian
Xom
Yredelemnul
Zin
The Shining One


Innate Abilities, Weirdness & Mutations

You are small and have problems with some larger weapons.
You are carnivorous and can eat meat at any time.


Message History

You feel sick. (1)
The orc priest casts a cantrip, but nothing happens.
The orc wizard casts a spell at you. The sting hits you (3).
You are more poisoned.
You feel sick. (1)
You see here a +0 short sword.
An iguana comes into view.
You feel sick. (1)
The iguana hisses angrily.
You feel better.
The ogre hits you with a +0 giant club (21)!!
The iguana closely misses you (0).
The orc priest calls down the wrath of Beogh upon you.
Beogh smites you!
* * * LOW HITPOINT WARNING * * *
As you read the scroll of teleportation, it crumbles to dust.
You feel strangely unstable. The ogre completely misses you (0).
The iguana bites you (14)!
You die...

#...####)......#.....
#...>..###.....#.....
#.................... #
#............#..... #.#
##....†............. #
...#..............###.. ..
.......##..........##.. #..
.##............####.. #...
#l@#.........##.... #....
####O##.#...[...#.....
#....#.oo.##.#.............
#....)..####.#.............
.......o.# ..##............
.......### ..##......#...P.
....... ..###......##....
....... #......####..
......# ##...... ....


You could see an ogre, an iguana, an orc priest, an orc wizard and an orc.

Vanquished Creatures
  A slime creature (D:2)
  A phantom (D:5)
  3 wargs (D:5)
  2 water moccasins
  An orc warrior (D:5)
  An ice beast (D:5)
  A sky beast (D:5)
  4 ogres
  3 big kobolds (D:2)
  2 bullfrogs
  A centaur (D:5)
  A howler monkey (D:4)
  A crimson imp (D:3)
  A gnoll shaman (D:3)
  2 orc priests (D:5)
  5 hounds
  2 jellies (D:2)
  An iguana (D:4)
  3 worker ants
  A wyvern skeleton (D:4)
  7 giant cockroaches
  An iron imp (D:3)
  2 bullfrog zombies
  2 bullfrog skeletons
  5 gnolls
  2 porcupine skeletons (D:3)
  6 adders
  38 sewer rats
  3 cinder newts
  5 worms
  A hound zombie (D:5)
  A hound skeleton (D:3)
  2 oozes (D:2)
  A dart slug (D:1)
  6 leopard geckos
  5 orcs
  An adder skeleton (D:2)
  An adder zombie (D:5)
  7 bats
  3 goblins (D:1)
  2 hobgoblins (D:1)
  4 jackals
  19 kobolds
  2 ball pythons
  2 bat skeletons (D:2)
  A leopard gecko skeleton (D:3)
  7 rats
  10 withered plants (D:2)
183 creatures vanquished.

Vanquished Creatures (others)
  A giant cockroach (D:2)
  A giant blowfly (D:2)
  2 slimeheads (D:2)
  143 withered plants (D:2)
147 creatures vanquished.

Grand Total: 330 creatures vanquished

Notes
Turn   | Place    | Note
-------+----------+-------------------------------------------
     0 | D:1      | diana the Kobold Gladiator began the quest for the Orb.
     0 | D:1      | Reached XP level 1. HP: 12/12 MP: 2/2
   156 | D:1      | Reached XP level 2. HP: 17/18 MP: 3/3
   234 | D:1      | Reached XP level 3. HP: 22/22 MP: 4/4
   311 | D:1      | Reached skill level 1 in Armour
   341 | D:1      | Identified a scroll of acquirement
   973 | D:2      | Reached XP level 4. HP: 27/27 MP: 5/5
  1051 | D:1      | Reached XP level 5. HP: 8/32 MP: 6/6
  1324 | D:2      | Reached XP level 6. HP: 33/38 MP: 7/7
  1388 | D:2      | Reached skill level 5 in Dodging
  1404 | D:2      | Reached skill level 5 in Short Blades
  1623 | D:2      | Reached XP level 7. HP: 27/43 MP: 8/8
  2308 | D:2      | Noticed a slime creature
  2313 | D:2      | Reached skill level 5 in Fighting
  2313 | D:2      | Reached XP level 8. HP: 45/49 MP: 9/9
  2450 | D:2      | Found a glowing silver altar of Zin.
  3475 | D:3      | Reached XP level 9. HP: 55/55 MP: 10/10
  3989 | D:4      | Found a staircase to the Ecumenical Temple.
  4226 | D:7      | Connectivity tunneler affected nrook_campfire.
  4226 | D:7      | Connectivity tunneler affected nrook_campfire.
  4226 | Temple   | Entered the Ecumenical Temple
  4380 | Temple   | Became a worshipper of Warmaster Okawaru
  4454 | D:5      | Entered Level 5 of the Dungeon
  4468 | D:5      | Noticed a troll
  4541 | D:5      | Reached * piety under Okawaru
  4549 | D:5      | Received a gift from Okawaru
  4549 | D:5      | Reached skill level 5 in Armour
  4855 | D:5      | Reached XP level 10. HP: 63/63 MP: 11/11
  4878 | D:5      | Found a staircase to the Lair.
  4966 | D:5      | Slain by an iguana

Levels and vault maps discovered:
D:1:      dpeg_arrival_windows_large_door, layout_basic
D:2:      layout_sewer, elyvilon_niche, serial_park, serial_park_square1
          [serial_park_minivault_5x5_1], supply_closet_lemuel
D:3:      layout_rooms, first_ration, grunt_ogre_cave
D:4:      layout_cave_pools, temple_hall
D:5:      layout_cave_pools, gammafunk_temple_overflow_statue,
          erik_lair_orcish_takeover, minmay_crystal_water
Temple:   regret_index_temple_sphere_string

Skill      XL: |  1  2  3  4  5  6  7  8  9 |
---------------+----------------------------+-----
Short Blades   | 4 5 6 7 8 |  8.8
Dodging        | 4 5 6 7 8 |  8.9
Armour         | 1 2 3 4 5 |  5.4
Fighting       | 3 4 5 6 7 |  7.6
Evocations     | |  2.1

Action                   |  1- 3 |  4- 6 |  7- 9 | 10-12 || total
-------------------------+-------+-------+-------+-------++-------
Melee: Rapier            |    19 |       |       |       ||    19
       Unarmed           |     9 |   154 |   230 |    12 ||   405
       Dagger            |    11 |   188 |   311 |    16 ||   526
Evoke: Wand              |       |       |     7 |       ||     7
  Use: Scroll            |       |       |       |     1 ||     1
       Potion            |       |       |       |     1 ||     1
 Stab: Sleeping          |     2 |       |     2 |       ||     4
  Eat: Chunk             |       |     2 |    15 |       ||    17
Armor: Leather armour    |     3 |    24 |    18 |     1 ||    46
       Skin              |       |       |     9 |       ||     9
Dodge: Dodged            |    19 |   247 |   252 |     9 ||   527
